 Dungeon Crawl Stone Soup version 0.30.0-10-gfe55d96785 (webtiles) character file.

Game seed: 14446059155747565781

1284 Kenran the Cleaver (level 8, -10/70 HPs)
             Began as a Minotaur Cinder Acolyte on May 15, 2023.
             Was a High Priest of Ignis.
             Mangled by a two-headed ogre
             ... wielding a +0 giant spiked club
              (14 damage)
             ... on level 5 of the Dungeon.
             The game lasted 00:07:51 (6095 turns).

Kenran the Cleaver (Minotaur Cinder Acolyte)        Turns: 6095, Time: 00:07:52

Health: -10/70     AC: 14    Str: 19    XL:     8   Next: 29%
Magic:  8/8        EV:  5    Int: 11    God:    Ignis [*****.]
Gold:   248        SH:  0    Dex:  8    Spells: 9/9 levels left

rFire   + . .        q - +0 war axe
rCold   . . .        (no shield)
rNeg    . . .        e - +0 plate armour
rPois   .            (helmet restricted)
rElec   .            d - +0 cloak
rCorr   .            k - +0 pair of gloves
SInv    .            (no boots)
Will    .....        (no amulet) Stlth
                     (no ring)
HPRegen 0.31/turn    (no ring)
MPRegen 0.11/turn

%: no passive effects
@: no status effects
A: horns 2, retaliatory headbutt
a: Renounce Religion, Fiery Armour, Foxfire Swarm, Rising Flame


You were on level 5 of the Dungeon.
You worshipped Ignis.
Ignis was extremely pleased with you.
You visited 1 branch of the dungeon, and saw 6 of its levels.

You collected 290 gold pieces.
You spent 42 gold pieces at shops.

Inventory:

Hand Weapons
 a - a -1 hand axe of flaming
 n - a +1 flail of protection
 q - a +0 war axe (weapon)
Armour
 d - a +0 cloak (worn)
 e - a +0 plate armour (worn)
 k - a +0 pair of gloves (worn)
Wands
 p - a wand of flame (23)
 r - a wand of roots (4)
Scrolls
 b - 3 scrolls of identify {unknown}
 s - a scroll of enchant weapon {unknown}
Potions
 c - 3 potions of heal wounds {@q2}
 f - 2 potions of lignification {unknown}
 g - 4 potions of curing {@q1}
 h - a potion of experience {unknown}
 i - a potion of berserk rage {unknown}
 j - 2 potions of flight {unknown}
 l - a potion of mutation {unknown}
 m - 2 potions of attraction {unknown}
 o - a potion of magic {unknown}


   Skills:
 + Level 5.7 Fighting
 + Level 10.9 Axes
 + Level 4.2 Armour
 - Level 1.0 Spellcasting
 - Level 2.1 Fire Magic


You had 9 spell levels left.
You didn't know any spells.
Your spell library contained the following spells:

 Spells                   Type           Power      Damage    Failure   Level
 Scorch                   Fire           10%        2d5       99%         2
 Conjure Ball Lightning   Conj/Air       0%         3x3d6     100%        6
 Discord                  Hex            0%         N/A       100%        8
 Disjunction              Tloc           0%         N/A       100%        8


Dungeon Overview and Level Annotations

Branches:
Dungeon (6/15)             Temple (0/1) D:5

Altars:
Cheibriados
Dithmenos
Elyvilon
Ru
Sif Muna
The Shining One

Shops:
D:3 !


Innate Abilities, Weirdness & Mutations

You have a pair of horns on your head.
You reflexively headbutt those who attack you in melee.


Message History

You miss the adder. Your headbutt misses the adder.
The adder is almost dead.
The adder bites you but does no damage.
You closely miss the adder.
The adder is almost dead.
The adder bites you.
Aiming: Fastroot
Press: ? - help, Shift-Dir - straight line, f - two-headed ogre
Aim: a two-headed ogre, wielding two +0 giant spiked clubs (lightly wounded)
The roots erupt in riotous growth!
Roots grab the two-headed ogre.
Roots grab the adder.
The grasping roots constrict the two-headed ogre.
The grasping roots constrict the adder.
You kill the adder!
The two-headed ogre struggles to escape constriction.
Aiming: Throw Flame
Press: ? - help, Shift-Dir - straight line, f/p - two-headed ogre
Aim: a two-headed ogre, wielding two +0 giant spiked clubs (lightly wounded, constricted by roots, 100% to hit)
The puff of flame hits the two-headed ogre!
The two-headed ogre is moderately wounded.
The grasping roots constrict the two-headed ogre.
The two-headed ogre escapes!
Okay, then.
Okay, then.
The two-headed ogre hits you with a +0 giant spiked club.
The two-headed ogre hits you with a +0 giant spiked club!!
You climb upwards.
Reactivating autopickup.
There is a stone staircase leading down, spattered with blood here.
You barely miss the two-headed ogre. You punch the two-headed ogre.
The two-headed ogre is heavily wounded.
You hit the two-headed ogre but do no damage.
The two-headed ogre is heavily wounded.
The two-headed ogre hits you with a +0 giant spiked club! x2
You slash the two-headed ogre! You headbutt the two-headed ogre.
The two-headed ogre is severely wounded.
The two-headed ogre hits you with a +0 giant spiked club!!
* * * LOW HITPOINT WARNING * * *
The two-headed ogre hits you with a +0 giant spiked club!
You die...

.##.# #####.#### ### ##»..##
.##.# #.######.# #..#### ....#
#........# #.#.... ....###
#.##...#.# #.#.... #....<#
#.#......####.#.... #..##.#####
#.#........##.#.... ...##.....#
#...##.....##.#.... ≈..######.#
###†###.....##.#.... ≈...#
##.####.[@...........#..≣.
≈.#.####.......[O##.###....#.....
≈........##..###.##.####......≣.≣
≈.#«.######..# #.#..##........≣.≣
≈.##.###.....# #........)....≣≣..
≈.##..#..###.###.###....#)...≣...
§.#.....###......# #...##)).≣≣..>
≈.#.........#....# #...#..≣......
.......#......##.###.>......≣≣≣..


You could see a two-headed ogre.

Vanquished Creatures
  A wyvern (D:5)
  An ice beast (D:6)
  A sky beast (D:5)
  An ogre (D:5)
  A phantom (D:4)
  2 scorpions
  3 wights (D:5)
  A jelly (D:5)
  A hound (D:2)
  An orc priest (D:5)
  A sleepcap (D:4)
  Jessica (D:2)
  Natasha (thrice) (D:4)
  An orc wizard (D:5)
  8 gnolls
  10 adders
  A shadow imp (D:5)
  A white imp (D:5)
  An ufetubus (D:3)
  2 worms (D:3)
  2 dart slugs
  16 orcs
  9 bats
  6 endoplasms
  3 giant cockroaches
  9 goblins
  3 hobgoblins
  2 quokkas
  5 ball pythons
  4 frilled lizards
  3 kobolds
  6 rats
110 creatures vanquished.

Notes
Turn   | Place    | Note
-------+----------+-------------------------------------------
     0 | D:1      | Kenran the Minotaur Cinder Acolyte began the quest for the
                  | Orb.
     0 | D:1      | Reached XP level 1. HP: 19/19 MP: 1/1
    76 | D:1      | Reached skill level 4 in Axes
    97 | D:1      | Reached XP level 2. HP: 26/26 MP: 2/2
   423 | D:1      | Reached skill level 5 in Axes
   704 | D:2      | Found a faded altar of an unknown god.
   711 | D:2      | Reached XP level 3. HP: 31/31 MP: 3/3
   939 | D:2      | Noticed Jessica
   945 | D:2      | Killed Jessica
   946 | D:2      | Reached skill level 6 in Axes
   946 | D:2      | Reached XP level 4. HP: 34/39 MP: 4/4
  1556 | D:3      | Found Mulokef's Distillery.
  1559 | D:3      | Bought a potion of curing for 42 gold pieces
  1654 | D:3      | Reached XP level 5. HP: 41/45 MP: 5/5
  1691 | D:3      | Reached skill level 7 in Axes
  1894 | D:3      | Found a glowing golden altar of the Shining One.
  2650 | D:4      | Noticed a phantom
  2676 | D:4      | Killed a phantom
  2677 | D:4      | Reached skill level 8 in Axes
  2677 | D:4      | Reached XP level 6. HP: 44/51 MP: 6/6
  2834 | D:4      | Found a shimmering blue altar of Sif Muna.
  3696 | D:4      | Reached skill level 9 in Axes
  3856 | D:4      | Noticed Natasha
  3866 | D:4      | Killed Natasha
  4242 | D:4      | Found a shimmering blue altar of Sif Muna.
  4327 | D:4      | Noticed Natasha
  4334 | D:4      | Killed Natasha
  4695 | D:4      | Noticed Natasha
  4701 | D:4      | Killed Natasha
  5043 | D:5      | Entered Level 5 of the Dungeon
  5048 | D:5      | Found a white marble altar of Elyvilon.
  5086 | D:5      | Reached XP level 7. HP: 54/57 MP: 7/7
  5230 | D:5      | Reached skill level 10 in Axes
  5233 | D:5      | Found a staircase to the Ecumenical Temple.
  5326 | D:5      | Found a shadowy altar of Dithmenos.
  5328 | D:5      | Found a sacrificial altar of Ru.
  5330 | D:5      | Found a snail-covered altar of Cheibriados.
  5367 | D:5      | Reached skill level 1 in Armour
  5461 | D:5      | Noticed a wyvern
  5471 | D:5      | Killed a wyvern
  5776 | D:5      | Reached skill level 5 in Fighting
  5859 | D:6      | Reached XP level 8. HP: 51/68 MP: 8/8
  5934 | D:6      | Identified the +1 robe of Yfaph {Str+5}
  6061 | D:6      | Noticed a two-headed ogre
  6095 | D:5      | Mangled by a two-headed ogre

Illustrated notes

Levels and vault maps discovered:
D:1:      dpeg_arrival_shelter, layout_basic
D:2:      layout_loops_cross, hellmonk_ecumenical_altar_run_dry, uniq_jessica
D:3:      layout_loops_ring, mainiacjoe_overflow_brackets, serial_shops,
          nicolae_shop_tiny_real_fake_doors, st_stairs_13, grunt_ministairs_6,
          kennysheep_cross_room, minmay_misc_feat_secret_circle, minivault_11
D:4:      layout_loops_ring, kennysheep_orc_sif_temple, serial_co_window_serial,
          co_window_of_opportunity_a, co_window_corner_a, co_window_corner_a,
          co_window_paths_b, co_window_paths_a, co_window_of_opportunity_a,
          co_window_paths_a, co_window_broadway_c, co_window_of_opportunity_b,
          co_window_paths_c, co_window_corner_ca, co_window_paths_c,
          co_window_of_opportunity_b, co_window_corner_b, co_window_paths_d,
          glass_columns_a, glass_columns_a, glass_columns_c, glass_columns_a,
          glass_columns_c, uniq_natasha
D:5:      layout_rooms, mainiacjoe_overflow_concentric_impassable,
          grunt_temple_overflow_diamond, minmay_temple_entry_slanted
D:6:      layout_rooms, nicolae_grassy_gnolls

Skill      XL: |  1  2  3  4  5  6  7  8 |
---------------+-------------------------+-----
Axes           | 4 5 6 8 9 10 | 10.9
Fighting       | 5 |  5.7
Armour         | 3 4 |  4.2
Spellcasting   | |  1.0
Fire Magic     | |  2.1

Action                     |  1- 3 |  4- 6 |  7- 9 || total
---------------------------+-------+-------+-------++-------
  Melee: Hand axe          |    68 |   153 |       ||   221
         Headbutt          |    10 |    31 |    12 ||    53
         Punch             |     2 |     2 |     1 ||     5
         War axe           |       |    19 |    73 ||    92
  Evoke: Wand              |       |       |     3 ||     3
    Use: Potion            |     1 |       |       ||     1
 Armour: Robe              |    17 |       |       ||    17
         Scale mail        |     1 |    26 |       ||    27
         Chain mail        |       |     6 |       ||     6
         Plate armour      |       |    29 |    47 ||    76
  Dodge: Dodged            |    37 |    67 |    18 ||   122
